 Dungeon Crawl Stone Soup version 0.29.1-15-g9cfb28693d (webtiles) character file.

Game seed: 14164204708304864574

30 tkbsonic5 the Stinger (level 3, 0/28 HPs)
             Began as a Naga Venom Mage on July 9, 2023.
             Slain by a gnoll
             ... wielding a +0 spear
              (4 damage)
             ... on level 2 of the Dungeon.
             The game lasted 00:07:47 (1078 turns).

tkbsonic5 the Stinger (Naga Venom Mage)             Turns: 1078, Time: 00:07:48

Health: 0/28       AC:  2    Str: 10    XL:     3   Next: 18%
Magic:  0/6        EV:  9    Int: 17    God:
Gold:   60         SH:  0    Dex: 11    Spells: 0/6 levels left

rFire   . . .      SeeInvis +   g - +2 falchion
rCold   . . .      Faith    .   (no shield)
rNeg    . . .      Spirit   .   i - +0 leather armour
rPois   +          Reflect  .   (no helmet)
rElec   .          Harm     .   (no cloak)
rCorr   .          Rampage  .   (no gloves)
Will    .....                   (no barding)
Stlth   ++........              (no amulet)
HPRegen 0.09/turn               j - ring of flight
MPRegen 0.10/turn               (no ring)

@: short of breath, flying, very slow
A: AC +1, large, see invisible, deformed body, poison resistance, slowness 2,
spit poison 1, naga tail 1
a: Spit Poison


You were on level 2 of the Dungeon.
You visited 1 branch of the dungeon, and saw 2 of its levels.

You collected 60 gold pieces.

Inventory:

Hand Weapons
 f - a +0 dagger
 g - a +2 falchion (weapon)
Missiles
 h - 3 boomerangs (quivered)
Armour
 a - a +0 robe
 i - a +0 leather armour (worn)
 k - a +0 scale mail
Jewellery
 j - a ring of flight (left hand)
Potions
 b - a potion of magic
 c - a potion of degeneration
 d - a potion of berserk rage {unknown}
 e - a potion of cancellation {unknown}


   Skills:
 + Level 0.0 Fighting
 + Level 0.0 Long Blades
 + Level 0.2 Throwing
 + Level 1.5 Dodging
 * Level 3.2 Stealth
 * Level 2.3 Spellcasting
 * Level 0.0 Conjurations
 + Level 1.5 Transmutations
 * Level 0.5 Air Magic
 * Level 4.5 Poison Magic


You couldn't memorise any spells.
You knew the following spells:

 Your Spells              Type           Power      Damage    Failure   Level
a - Sting                 Tmut/Pois      48%        1d5       8%          1
b - Poisonous Vapours     Pois/Air       20%        N/A       14%         2
c - Mephitic Cloud        Conj/Pois/Air  7%         N/A       36%         3

Your spell library contained the following spells:

 Spells                   Type           Power      Damage    Failure   Level
 Olgreb's Toxic Radiance  Pois           17%        N/A       36%         4


Dungeon Overview and Level Annotations

Branches:
Dungeon (2/15)

Altars:


Innate Abilities, Weirdness & Mutations

Your serpentine skin is tough. (AC +1)
You have supernaturally acute eyesight. (SInv)
Armour fits poorly on your strangely shaped body.
Your system is resistant to poisons. (rPois)
You cover ground very slowly.
You can spit poison.
You have a snake-like lower body.


Message History

Press: ? - help, Shift-Dir - straight line, f/p - gnoll
Aim: a gnoll, wielding a +0 spear (very poisoned, 65% to hit)
The splash of poison misses the gnoll.
Unknown command.
Casting: Poisonous Vapours (safe; 14% risk of failure)
Confirm with . or Enter, or press ? or * to list all spells.
You don't have enough magic to cast this spell.
Unknown command.
You have got your breath back.
Aiming: Spit Poison (2% risk of failure)
Press: ? - help, Shift-Dir - straight line, f/p - gnoll
Aim: a gnoll, wielding a +0 spear (severely wounded, very poisoned, 65% to hit)
The splash of poison hits the gnoll but does no damage.
The gnoll looks even sicker.
The gnoll is severely wounded.
The gnoll hits you from afar with a +0 spear.
A gnoll comes into view. It is wielding a +0 spear.
The gnoll shouts!
The gnoll closely misses you. The gnoll hits you with a +0 spear.
The gnoll hits you from afar with a +0 spear.
Unknown command.
Okay, then.
Okay, then.
Casting: Poisonous Vapours (safe; 14% risk of failure)
Confirm with . or Enter, or press ? or * to list all spells.
Aiming: Sting (safe; 8% risk of failure)
Press: ? - help, Shift-Dir - straight line, f/p - gnoll
Aim: a gnoll, wielding a +0 spear (severely wounded, very poisoned, 75% to hit)
The sting hits the gnoll but does no damage.
The gnoll looks as sick as possible!
The gnoll is severely wounded.
The gnoll barely misses you.
The gnoll hits you from afar with a +0 spear.
As you read the scroll labelled LOATHO ITOUCWA, it crumbles to dust.
It is a scroll of identify.
c - a potion of degeneration The gnoll hits you from afar with a +0 spear.
* * * LOW HITPOINT WARNING * * *
The gnoll hits you with a +0 spear.
You die...

######.## ... #####......#
... ...#.###.## ...
##.#÷..##### #.#
#####......##≈§≈ .### #.#
#...........#≈.. .....
#.###.###...#...'...
..8...#.##...###.##..##≈..
.8_8...gg@.#..)......##≈§≈
..8....###...###.###.#####
.....#. ##.## #...#.# ....
.. #.# ###.#.# ### ### #.#
#.#.# #.# #†#.# #.# #.#..
.# #.### .# #.#


You could see 2 gnolls.

Vanquished Creatures
  A gnoll (D:2)
  A dart slug (D:1)
  A ball python (D:2)
  2 bats (D:2)
  2 endoplasms (D:1)
  A giant cockroach (D:1)
  A goblin (D:1)
  4 jackals (D:1)
  3 frilled lizards
  A kobold (D:1)
17 creatures vanquished.

Notes
Turn   | Place    | Note
-------+----------+-------------------------------------------
     0 | D:1      | tkbsonic5 the Naga Venom Mage began the quest for the Orb.
     0 | D:1      | Reached XP level 1. HP: 15/15 MP: 3/3
   294 | D:1      | Reached XP level 2. HP: 22/22 MP: 1/5
   298 | D:1      | Learned a level 2 spell: Poisonous Vapours
   606 | D:1      | You fall into a shaft and drop 1 floor!
  1051 | D:2      | Reached XP level 3. HP: 28/28 MP: 1/6
  1059 | D:2      | Learned a level 3 spell: Mephitic Cloud
  1066 | D:2      | Found a faded altar of an unknown god.
  1078 | D:2      | Slain by a gnoll

Illustrated notes

Levels and vault maps discovered:
D:1:      dpeg_arrival_triangle_fractal, layout_loops_ring
D:2:      layout_loops_ring, chequers_ecumenical_altar_simple,
          kennysheep_minor_cross, minmay_misc_feat_cross

Action                   || total
-------------------------++-------
Melee: Unarmed           ||     1
       Falchion          ||     6
       Dagger            ||     1
 Cast: Sting             ||    24
       Poisonous Vapours ||     7
 Abil: Spit Poison       ||     8
  Use: Scroll            ||     4
 Stab: Sleeping          ||     1
Armor: Leather armour    ||     2
       Robe              ||     1
Dodge: Dodged            ||    19
